 Dungeon Crawl Stone Soup version 0.30.0-29-ga12c61a403 (webtiles) character file.

Game seed: 1668124689320482046

111 monsoonserge the Fighter (level 4, 0/48 HPs)
             Began as a Gnoll Wanderer on June 9, 2023.
             Was a Believer of Dithmenos.
             Succumbed to a gnoll's poison
             ... on level 3 of the Dungeon.
             The game lasted 00:07:01 (1409 turns).

monsoonserge the Fighter (Gnoll Wanderer)           Turns: 1409, Time: 00:07:01

Health: 0/48       AC:  6    Str: 14    XL:     4   Next: 92%
Magic:  1/6        EV: 11    Int:  9    God:    Dithmenos [**....]
Gold:   66         SH:  0    Dex: 13    Spells: 5/5 levels left

rFire   . . .        a - +3 spear
rCold   + . .        (no shield)
rNeg    . . .        m - +0 ring mail
rPois   .            (no helmet)
rElec   .            (no cloak)
rCorr   .            (no gloves)
SInv    .            t - +0 pair of boots
Will    .....        h - amulet of guardian spirit
Stlth   +            p - ring of protection from cold
HPRegen 0.28/turn    (no ring)
MPRegen 0.10/turn

%: guardian spirit
@: lethally poisoned (0 -> -22), wreathed by umbra
A: fangs 1, strong nose, distributed training
a: Renounce Religion, Shadow Step


You were on level 3 of the Dungeon.
You worshipped Dithmenos.
Dithmenos was pleased with you.
You visited 1 branch of the dungeon, and saw 3 of its levels.

You collected 66 gold pieces.

Inventory:

Hand Weapons
 a - a +3 spear (weapon)
 s - a +1 sling of flaming
Missiles
 i - 6 javelins
Armour
 d - a +0 leather armour
 j - a +0 plate armour
 m - a +0 ring mail (worn)
 t - a +0 pair of boots (worn)
 u - a +0 helmet
Jewellery
 h - an amulet of guardian spirit (around neck)
 p - a ring of protection from cold (left hand)
Wands
 b - a wand of polymorph (3) (quivered)
Scrolls
 c - 2 scrolls of teleportation
 k - a scroll of blinking {unknown}
 l - 3 scrolls of identify {unknown}
 n - a scroll of fog {unknown}
 r - a scroll of vulnerability {unknown}
Potions
 e - 2 potions of degeneration {unknown}
 f - a potion of attraction {unknown}
 g - a potion of might {unknown}
 o - a potion of flight {unknown}


   Skills:
 + Level 10.5 Fighting
 + Level 1.3 Short Blades
 + Level 1.3 Long Blades
 + Level 1.3 Axes
 + Level 1.3 Maces & Flails
 + Level 4.7 Polearms
 + Level 1.3 Staves
 + Level 1.3 Ranged Weapons
 + Level 1.3 Throwing
 + Level 2.9 Armour
 + Level 2.9 Dodging
 + Level 1.3 Stealth
 + Level 1.3 Shields
 + Level 1.3 Unarmed Combat
 + Level 1.3 Spellcasting
 + Level 1.1 Conjurations
 + Level 1.1 Hexes
 + Level 1.1 Summonings
 + Level 1.1 Necromancy
 + Level 1.1 Translocations
 + Level 1.1 Transmutations
 + Level 1.1 Fire Magic
 + Level 1.1 Ice Magic
 + Level 1.1 Air Magic
 + Level 1.1 Earth Magic
 + Level 1.1 Poison Magic
 + Level 1.5 Invocations
 + Level 2.9 Evocations


You had 5 spell levels left.
You didn't know any spells.
Your spell library contained the following spells:

 Spells                   Type           Power      Damage    Failure   Level
 Necrotise                Necr           8%         1d4       41%         1
 Vampiric Draining        Necr           2%         2d6       80%         3
 Agony                    Necr           2%         N/A       100%        5
 Simulacrum               Ice/Necr       1%         N/A       100%        6
 Ozocubu's Refrigeration  Ice            1%         4d7       100%        7
 Polar Vortex             Ice            1%         N/A       100%        9


Dungeon Overview and Level Annotations

Branches:
Dungeon (3/15)

Altars:
Dithmenos
Makhleb


Innate Abilities, Weirdness & Mutations

You have very sharp teeth.
Your uncanny sense of smell can sniff out nearby items.
Your experience applies equally to all skills.


Message History

The gnoll is severely wounded.
You puncture the gnoll!
You kill the gnoll!
Dithmenos accepts your kill. The gnoll misses you.
You barely miss the gnoll. You bite the gnoll, but do no damage.
The gnoll hits you from afar with a +0 spear.
The gnoll hits you with a +0 whip of venom.
You are poisoned.
You hit the gnoll.
The gnoll is lightly wounded.
You feel very sick.
The gnoll hits you with a +0 whip of venom.
You are more poisoned.
The gnoll hits you from afar with a +0 spear.
Aiming: Charm
Press: ? - help, Shift-Dir - straight line, f - gnoll
Aim: a gnoll, wielding a +0 whip of venom (lightly wounded, umbra, chance to affect: 65%)
The gnoll struggles to resist.
You feel very sick. The gnoll barely misses you.
The gnoll hits you with a +0 whip of venom.
* * * LOW HITPOINT WARNING * * *
You are more poisoned.
Aiming: Charm
Press: ? - help, Shift-Dir - straight line, f/p - gnoll
Aim: a gnoll, wielding a +0 whip of venom (lightly wounded, umbra, chance to affect: 65%)
The gnoll is charmed.
The now-empty wand crumbles to dust.
* * * LOW HITPOINT WARNING * * *
You feel extremely sick.
The gnoll hits you from afar with a +0 spear.
* * * LOW HITPOINT WARNING * * *
The gnoll closely misses your gnoll.
You are lethally poisoned (4 -> -18).
You are wreathed by an umbra.
Your movement speed is average.
Your attack delay is about 0.8.
Your damage rating with your +3 spear is about 11 (Base 6 x 110% (Str) x 128% (Skill) + 3 (Ench)).
Press: ? - help, v - describe, . - travel The floor.
This square is wreathed by an umbra.
You die...

....... .......
....... .......
.....(g ....?..
.......###########
.......gg.@......#
.....##g########.#
..# #.# #.#
....... #.# #.#
.#.... #.# #.#
...... #+# #.#
..... #.# ....#
#.# ....#
#.##########


You could see 2 gnolls and a friendly gnoll (charmed).

Vanquished Creatures
  3 gnolls
  4 adders (D:2)
  A worm (D:2)
  A dart slug (D:1)
  8 ball pythons
  3 endoplasms (D:1)
  2 giant cockroaches
  4 goblins (D:2)
  A hobgoblin (D:2)
  3 jackals (D:1)
  4 kobolds
  2 quokkas
  5 bats (D:1)
  2 rats (D:1)
43 creatures vanquished.

Notes
Turn   | Place    | Note
-------+----------+-------------------------------------------
     0 | D:1      | Reached skill level 10 in Fighting
     0 | D:1      | monsoonserge the Gnoll Wanderer began the quest for the
                  | Orb.
     0 | D:1      | monsoonserge set off with the following items: a +3 spear,
                  | a wand of polymorph (5), a scroll of teleportation, a +0
                  | leather armour.
     0 | D:1      | Reached XP level 1. HP: 29/29 MP: 1/1
   179 | D:1      | Found a faded altar of an unknown god.
   187 | D:1      | Prayed at the altar of an unknown god.
   187 | D:1      | Became a worshipper of Dithmenos the Shadowed
   187 | D:1      | Reached * piety under Dithmenos
   229 | D:1      | Reached XP level 2. HP: 36/36 MP: 2/2
   508 | D:1      | Reached XP level 3. HP: 41/42 MP: 3/3
   623 | D:2      | Reached skill level 1 in Invocations
   630 | D:2      | Found a burning altar of Makhleb.
   652 | D:2      | Reached skill level 1 in Short Blades
   652 | D:2      | Reached skill level 1 in Long Blades
   652 | D:2      | Reached skill level 1 in Axes
   652 | D:2      | Reached skill level 1 in Maces & Flails
   652 | D:2      | Reached skill level 1 in Staves
   652 | D:2      | Reached skill level 1 in Ranged Weapons
   652 | D:2      | Reached skill level 1 in Throwing
   652 | D:2      | Reached skill level 1 in Stealth
   652 | D:2      | Reached skill level 1 in Shields
   652 | D:2      | Reached skill level 1 in Unarmed Combat
   652 | D:2      | Reached skill level 1 in Spellcasting
   737 | D:2      | Reached XP level 4. HP: 42/48 MP: 5/5
   859 | D:2      | Reached ** piety under Dithmenos
   897 | D:2      | Reached skill level 1 in Conjurations
   897 | D:2      | Reached skill level 1 in Hexes
   897 | D:2      | Reached skill level 1 in Summonings
   897 | D:2      | Reached skill level 1 in Necromancy
   897 | D:2      | Reached skill level 1 in Translocations
   897 | D:2      | Reached skill level 1 in Transmutations
   897 | D:2      | Reached skill level 1 in Fire Magic
   897 | D:2      | Reached skill level 1 in Ice Magic
   897 | D:2      | Reached skill level 1 in Air Magic
   897 | D:2      | Reached skill level 1 in Earth Magic
   897 | D:2      | Reached skill level 1 in Poison Magic
  1316 | D:3      | Noticed Sigmund
  1319 | D:3      | Noticed Sigmund
  1325 | D:3      | Killed Sigmund the gnoll
  1409 | D:3      | Succumbed to a gnoll's poison

Illustrated notes

Levels and vault maps discovered:
D:1:      pf_arrival_petrified_forest, layout_basic,
          hellmonk_ecumenical_altar_inner_sanctum, minmay_strange_pillars,
          minivault_14
D:2:      minmay_door_path, layout_basic, basic_altar, minivault_24,
          nrook_mini_vaults
D:3:      layout_basic, marbit_many_paths, gammafunk_ghost_cemetery,
          minmay_randomly_rotated_circles, uniq_robin, uniq_sigmund,
          uniq_jessica

Skill      XL: |  1  2  3  4 |
---------------+-------------+-----
Fighting       | | 10.5
Invocations    | 1 |  1.5
Short Blades   | 1 |  1.3
Long Blades    | 1 |  1.3
Axes           | 1 |  1.3
Maces & Flails | 1 |  1.3
Staves         | 1 |  1.3
Ranged Weapons | 1 |  1.3
Throwing       | 1 |  1.3
Stealth        | 1 |  1.3
Shields        | 1 |  1.3
Unarmed Combat | 1 |  1.3
Spellcasting   | 1 |  1.3
Conjurations   | 1 |  1.1
Hexes          | 1 |  1.1
Summonings     | 1 |  1.1
Necromancy     | 1 |  1.1
Translocations | 1 |  1.1
Transmutations | 1 |  1.1
Fire Magic     | 1 |  1.1
Ice Magic      | 1 |  1.1
Air Magic      | 1 |  1.1
Earth Magic    | 1 |  1.1
Poison Magic   | 1 |  1.1
Polearms       | |  4.7
Armour         | |  2.9
Dodging        | |  2.9
Evocations     | |  2.9

Action                     |  1- 3 |  4- 6 || total
---------------------------+-------+-------++-------
  Melee: Spear             |    60 |    55 ||   115
         Bite              |     5 |     4 ||     9
         Punch             |     1 |     1 ||     2
  Evoke: Wand              |       |     4 ||     4
   Stab: Sleeping          |     2 |     1 ||     3
 Armour: Leather armour    |     8 |       ||     8
         Ring mail         |     4 |    11 ||    15
  Dodge: Dodged            |    43 |    24 ||    67
